General information
- name: BNet
- type: Ladder team game (AT/RT)
- host: Battle.net
- saver: WhiteChocolate
map: Cherryville
- players: 8
- length: 47:55
- speed: Fast
- version: 1.26 W3XP
- replay type: Public
» download(325 KB)
Players
team 1 (winner)
subban (
blue | 43 APM | 1033 actions | 24:02)
5 Tauren Chieftain
3 Endurance Aura
2 War Stomp
4 Shadow Hunter
2 Healing Wave
2 Hex
» actions
| Basic commands | 20 | |
| Build / train | 86 | |
| Enter build submenu | 33 | |
| Enter hero's abilities submenu | 9 | |
| Give item / drop item | 5 | |
| Remove unit from queue | 3 | |
| Right click | 477 | |
| Select / deselect | 298 | |
| Use ability | 102 | |
1033 total
» units
| Peon | 14 | |
| Troll Headhunter/Berserker | 23 | |
| Shaman | 6 | |
| Tauren | 1 | |
44 total
» upgrades
| Armor | 3 | |
| Ranged Weapons | 3 | |
| Troll Regeneration | 1 | |
| Berserker Upgrade | 1 | |
| Shaman Training | 2 | |
| Reinforced Defenses | 1 | |
| Spiked Barricades | 1 | |
12 total
» buildings
| Altar of Storms | 1 | |
| Orc Burrow | 8 | |
| War Mill | 1 | |
| Barracks | 2 | |
| Voodoo Lounge | 1 | |
| Stronghold | 1 | |
| Fortress | 1 | |
| Spirit Lodge | 1 | |
| Tauren Totem | 1 | |
| Watch Tower | 16 | |
| Great Hall | 1 | |
34 total
» build order
00:31 Altar of Storms
00:40 Orc Burrow
01:09 War Mill
01:19 Barracks
02:09 Orc Burrow
02:18 Voodoo Lounge
03:03 Orc Burrow
05:18 Stronghold
06:06 Orc Burrow
06:57 Barracks
08:30 Fortress
10:15 Spirit Lodge
12:32 Tauren Totem
13:30 Orc Burrow
13:35 Orc Burrow
13:55 Watch Tower
13:59 Watch Tower
14:03 Watch Tower
14:07 Watch Tower
15:33 Great Hall
15:36 Watch Tower
16:01 Watch Tower
16:17 Orc Burrow
16:52 Watch Tower
17:11 Watch Tower
18:17 Watch Tower
18:36 Watch Tower
19:30 Watch Tower
19:54 Watch Tower
21:19 Watch Tower
21:23 Watch Tower
22:28 Watch Tower
22:32 Watch Tower
22:46 Orc Burrow
» items
| Healing Salve | 4 | |
| Scroll of Town Portal | 6 | |
| Lesser Clarity Potion | 3 | |
| Orb of Lightning | 1 | |
14 total
recognize (
yellow | 138 APM | 3029 actions | 21:56)
8 Goblin Alchemist
3 Acid Bomb
3 Chemical Rage
1 Transmute
1 Healing Spray
» actions
| Assign group hotkey | 103 | |
| Basic commands | 378 | |
| Build / train | 102 | |
| Enter build submenu | 27 | |
| Enter hero's abilities submenu | 8 | |
| Give item / drop item | 1 | |
| Right click | 879 | |
| Select / deselect | 432 | |
| Select group hotkey | 987 | |
| Use ability | 112 | |
3029 total
» units
| Peasant | 14 | |
| Rifleman | 16 | |
| Goblin Shredder | 1 | |
| Knight | 5 | |
36 total
» upgrades
| Gunpowder | 3 | |
| Armor | 2 | |
| Masonry | 2 | |
| Long Rifles | 1 | |
| Lumber Harvesting | 1 | |
| Swords | 1 | |
| Plating | 2 | |
| Animal War Training | 1 | |
13 total
» buildings
| Blacksmith | 1 | |
| Farm | 13 | |
| Barracks | 2 | |
| Altar of Kings | 2 | |
| Scout Tower | 6 | |
| Arcane Tower | 3 | |
| Lumber Mill | 1 | |
| Town Hall | 1 | |
| Guard Tower | 5 | |
| Arcane Vault | 1 | |
| Keep | 1 | |
| Castle | 2 | |
38 total
» build order
00:54 Blacksmith
00:57 Farm
01:01 Barracks
01:29 Altar of Kings
01:32 Altar of Kings
01:52 Farm
02:25 Farm
02:30 Scout Tower
02:58 Farm
03:00 Arcane Tower
03:30 Farm
04:05 Lumber Mill
04:41 Town Hall
04:47 Scout Tower
04:49 Scout Tower
04:53 Scout Tower
05:02 Scout Tower
05:28 Arcane Tower
05:28 Arcane Tower
05:42 Guard Tower
05:56 Guard Tower
06:17 Guard Tower
06:23 Farm
06:59 Arcane Vault
07:35 Keep
07:39 Scout Tower
09:13 Guard Tower
09:13 Guard Tower
10:02 Castle
10:02 Castle
10:11 Barracks
10:14 Farm
12:25 Farm
12:26 Farm
12:29 Farm
12:31 Farm
12:33 Farm
12:36 Farm
» items
| Scroll of Regeneration | 4 | |
| Lesser Clarity Potion | 3 | |
| Potion of Healing | 3 | |
| Staff of Sanctuary | 1 | |
| Scroll of Town Portal | 4 | |
| Potion of Lesser Invulnerability | 1 | |
| Scroll of Healing | 5 | |
21 total
Secreteam (
pink | 93 APM | 4454 actions | 47:55)
8 Blademaster
3 Wind Walk
3 Critical Strike
1 Bladestorm
1 Mirror Image
» actions
| Assign group hotkey | 142 | |
| Basic commands | 87 | |
| Build / train | 142 | |
| ESC pressed | 23 | |
| Enter build submenu | 74 | |
| Enter hero's abilities submenu | 8 | |
| Give item / drop item | 33 | |
| Remove unit from queue | 1 | |
| Right click | 2208 | |
| Select / deselect | 416 | |
| Select group hotkey | 966 | |
| Use ability | 354 | |
4454 total
» units
| Peon | 17 | |
| Grunt | 8 | |
| Goblin Shredder | 3 | |
| Wind Rider | 7 | |
| Raider | 8 | |
| Troll Headhunter/Berserker | 1 | |
| Demolisher | 1 | |
| Goblin Sapper | 2 | |
| Goblin Zeppelin | 4 | |
51 total
» upgrades
| Armor | 3 | |
| Pillage | 1 | |
| Berserker Strength | 1 | |
| Ranged Weapons | 3 | |
| Reinforced Defenses | 1 | |
| Envenomed Spears | 1 | |
| Ensnare | 1 | |
| Spiked Barricades | 2 | |
| Melee Weapons | 4 | |
17 total
» buildings
| Orc Burrow | 4 | |
| Altar of Storms | 1 | |
| Barracks | 1 | |
| Voodoo Lounge | 1 | |
| Stronghold | 5 | |
| Great Hall | 8 | |
| War Mill | 1 | |
| Fortress | 9 | |
| Beastiary | 2 | |
| Watch Tower | 48 | |
80 total
» build order
00:08 Orc Burrow
00:58 Orc Burrow
01:07 Altar of Storms
01:10 Barracks
01:57 Voodoo Lounge
02:30 Orc Burrow
04:10 Stronghold
04:10 Stronghold
04:10 Stronghold
04:27 Great Hall
05:06 War Mill
07:42 Fortress
07:42 Fortress
07:42 Fortress
09:19 Beastiary
09:22 Beastiary
09:24 Watch Tower
09:30 Watch Tower
09:38 Watch Tower
10:23 Watch Tower
12:33 Great Hall
12:34 Watch Tower
12:35 Watch Tower
12:37 Great Hall
13:06 Watch Tower
13:08 Watch Tower
13:12 Watch Tower
13:17 Watch Tower
13:19 Watch Tower
14:12 Great Hall
14:13 Watch Tower
15:25 Orc Burrow
16:02 Great Hall
16:03 Watch Tower
16:46 Watch Tower
17:22 Watch Tower
17:39 Watch Tower
19:07 Watch Tower
19:09 Watch Tower
19:17 Watch Tower
19:45 Watch Tower
19:56 Watch Tower
20:03 Watch Tower
20:22 Watch Tower
20:25 Watch Tower
20:31 Watch Tower
20:39 Watch Tower
20:54 Watch Tower
21:16 Watch Tower
21:22 Watch Tower
21:39 Watch Tower
22:32 Watch Tower
22:34 Watch Tower
22:39 Watch Tower
22:44 Watch Tower
22:45 Watch Tower
22:48 Watch Tower
22:50 Stronghold
22:50 Stronghold
26:27 Fortress
26:27 Fortress
26:27 Fortress
32:13 Great Hall
32:14 Watch Tower
32:15 Watch Tower
32:16 Watch Tower
32:17 Watch Tower
32:18 Watch Tower
32:19 Watch Tower
32:19 Watch Tower
32:21 Watch Tower
40:55 Great Hall
41:44 Great Hall
43:30 Watch Tower
43:32 Watch Tower
43:33 Watch Tower
43:35 Watch Tower
» items
| Healing Salve | 10 | |
| Lesser Clarity Potion | 8 | |
| Scroll of Town Portal | 3 | |
| Potion of Mana | 2 | |
| Orb of Lightning | 1 | |
| Potion of Healing | 1 | |
| Periapt of Vitality | 1 | |
| Boots of Speed | 1 | |
| Circlet of Nobility | 1 | |
28 total

»
The_New_Prodigy (
green | 45 APM | 2167 actions | 47:55)
5 Mountain King
3 Storm Bolt
2 Bash
1 Tauren Chieftain
1 Reincarnation
» actions
| Assign group hotkey | 6 | |
| Basic commands | 8 | |
| Build / train | 125 | |
| Enter build submenu | 25 | |
| Enter hero's abilities submenu | 7 | |
| Give item / drop item | 2 | |
| Remove unit from queue | 5 | |
| Right click | 1230 | |
| Select / deselect | 455 | |
| Select group hotkey | 207 | |
| Use ability | 96 | |
2167 total
» units
| Peasant | 18 | |
| Footman | 13 | |
| Rifleman | 16 | |
| Siege Engine | 11 | |
| Troll Headhunter/Berserker | 8 | |
| Shaman | 2 | |
| Tauren | 4 | |
| Troll Witch Doctor | 3 | |
75 total
» upgrades
| Gunpowder | 2 | |
| Plating | 1 | |
| Barrage | 1 | |
| Witch Doctor Training | 2 | |
6 total
» buildings
| Altar of Kings | 1 | |
| Barracks | 1 | |
| Farm | 9 | |
| Arcane Vault | 1 | |
| Town Hall | 1 | |
| Lumber Mill | 1 | |
| Keep | 1 | |
| Blacksmith | 1 | |
| Scout Tower | 9 | |
| Castle | 1 | |
| Guard Tower | 8 | |
| Workshop | 5 | |
39 total
» build order
00:14 Altar of Kings
00:19 Barracks
00:29 Farm
01:05 Farm
01:42 Farm
02:25 Farm
03:20 Arcane Vault
04:01 Town Hall
04:07 Farm
05:04 Lumber Mill
09:00 Keep
09:06 Blacksmith
10:31 Scout Tower
10:32 Scout Tower
10:33 Scout Tower
10:38 Scout Tower
10:40 Scout Tower
11:26 Castle
11:29 Guard Tower
11:35 Workshop
13:25 Guard Tower
13:27 Guard Tower
13:29 Guard Tower
13:31 Scout Tower
14:12 Guard Tower
14:18 Scout Tower
14:23 Scout Tower
14:32 Workshop
16:34 Guard Tower
16:35 Guard Tower
16:38 Scout Tower
17:44 Guard Tower
19:58 Workshop
20:01 Workshop
20:28 Farm
20:29 Farm
20:29 Farm
21:02 Farm
22:09 Workshop
» items
| Scroll of Regeneration | 3 | |
| Lesser Clarity Potion | 3 | |
| Scroll of Town Portal | 8 | |
| Potion of Healing | 4 | |
| Potion of Mana | 3 | |
| Orb of Lightning | 1 | |
| Orb of Fire | 1 | |
23 total
team 2 (loser)
LordAmuro (
red | 98 APM | 3579 actions | 36:37)
6 Tauren Chieftain
3 Shockwave
2 Endurance Aura
1 Reincarnation
5 Shadow Hunter
3 Healing Wave
1 Hex
1 Serpent Ward
» actions
| Assign group hotkey | 65 | |
| Basic commands | 110 | |
| Build / train | 194 | |
| ESC pressed | 2 | |
| Enter build submenu | 50 | |
| Enter hero's abilities submenu | 11 | |
| Give item / drop item | 2 | |
| Right click | 1294 | |
| Select / deselect | 688 | |
| Select group hotkey | 718 | |
| Use ability | 445 | |
3579 total
» units
| Peon | 31 | |
| Grunt | 13 | |
| Shaman | 6 | |
| Troll Witch Doctor | 9 | |
| Tauren | 5 | |
| Spirit Walker | 2 | |
66 total
» upgrades
| Shaman Training | 2 | |
| Witch Doctor Training | 2 | |
| Reinforced Defenses | 1 | |
| Armor | 2 | |
| Spirit Walker Training | 2 | |
| Pulverize | 1 | |
| Melee Weapons | 1 | |
| Spiked Barricades | 2 | |
13 total
» buildings
| Altar of Storms | 1 | |
| Orc Burrow | 9 | |
| Barracks | 1 | |
| Voodoo Lounge | 2 | |
| War Mill | 1 | |
| Stronghold | 3 | |
| Great Hall | 5 | |
| Watch Tower | 26 | |
| Spirit Lodge | 2 | |
| Fortress | 3 | |
| Tauren Totem | 1 | |
54 total
» build order
00:23 Altar of Storms
00:38 Orc Burrow
00:54 Barracks
01:40 Orc Burrow
02:05 Voodoo Lounge
02:48 War Mill
03:57 Stronghold
03:57 Stronghold
04:46 Orc Burrow
04:51 Orc Burrow
05:24 Great Hall
06:11 Watch Tower
07:06 Watch Tower
08:50 Spirit Lodge
09:30 Fortress
09:30 Fortress
09:34 Spirit Lodge
09:49 Watch Tower
10:28 Orc Burrow
10:51 Watch Tower
10:53 Orc Burrow
11:08 Voodoo Lounge
12:54 Tauren Totem
14:38 Orc Burrow
18:12 Watch Tower
18:24 Watch Tower
18:35 Watch Tower
19:51 Watch Tower
19:54 Watch Tower
20:36 Orc Burrow
22:37 Orc Burrow
23:18 Watch Tower
23:22 Great Hall
24:21 Watch Tower
25:14 Watch Tower
25:16 Watch Tower
25:18 Watch Tower
25:20 Watch Tower
25:21 Watch Tower
26:16 Great Hall
26:17 Watch Tower
26:19 Watch Tower
26:21 Watch Tower
27:07 Great Hall
27:22 Watch Tower
27:36 Watch Tower
28:34 Great Hall
30:58 Watch Tower
30:59 Watch Tower
31:00 Watch Tower
32:24 Watch Tower
32:27 Watch Tower
» items
| Healing Salve | 18 | |
| Scroll of Speed | 8 | |
| Lesser Clarity Potion | 21 | |
| Potion of Healing | 3 | |
| Scroll of Town Portal | 5 | |
| Orb of Lightning | 1 | |
| Boots of Speed | 1 | |
| Scroll of Healing | 2 | |
| Potion of Lesser Invulnerability | 3 | |
62 total
OrbsOfVenom (
orange | 39 APM | 1867 actions | 47:55)
7 Demon Hunter
3 Mana Burn
3 Evasion
1 Metamorphosis
5 Priestess of the Moon
3 Trueshot Aura
2 Scout
» actions
| Assign group hotkey | 51 | |
| Basic commands | 275 | |
| Build / train | 105 | |
| Enter build submenu | 21 | |
| Enter hero's abilities submenu | 12 | |
| Give item / drop item | 11 | |
| Right click | 303 | |
| Select / deselect | 475 | |
| Select group hotkey | 504 | |
| Use ability | 110 | |
1867 total
» units
» upgrades
| Improved Bows | 1 | |
| Corrosive Breath | 1 | |
| Strength of the Wild | 2 | |
| Reinforced Hides | 2 | |
| Well Spring | 1 | |
| Ultravision | 1 | |
| Nature's Blessing | 1 | |
9 total
» buildings
| Altar of Elders | 1 | |
| Moon Well | 6 | |
| Ancient of War | 1 | |
| Ancient of Wonders | 1 | |
| Tree of Life | 2 | |
| Tree of Ages | 1 | |
| Hunter's Hall | 1 | |
| Tree of Eternity | 1 | |
| Ancient of Wind | 1 | |
| Chimaera Roost | 3 | |
18 total
» build order
00:07 Altar of Elders
00:20 Moon Well
00:50 Ancient of War
01:16 Moon Well
01:42 Ancient of Wonders
01:54 Moon Well
04:16 Tree of Life
04:32 Tree of Ages
05:45 Moon Well
06:05 Hunter's Hall
07:46 Tree of Eternity
09:07 Ancient of Wind
09:18 Moon Well
10:13 Chimaera Roost
10:14 Chimaera Roost
11:12 Chimaera Roost
12:52 Moon Well
24:56 Tree of Life
» items
| Scroll of Town Portal | 5 | |
| Scroll of Healing | 1 | |
| Periapt of Vitality | 1 | |
| Potion of Lesser Invulnerability | 2 | |
| Orb of Venom | 5 | |
| Anti-magic Potion | 2 | |
| Potion of Healing | 1 | |
| Moonstone | 1 | |
| Scroll of Regeneration | 1 | |
| Boots of Speed | 1 | |
20 total
WhiteChocolate (
purple | 45 APM | 2162 actions | 47:55)
9 Archmage
3 Summon Water Elemental
3 Brilliance Aura
1 Mass Teleport
2 Blizzard
» actions
| Assign group hotkey | 33 | |
| Basic commands | 235 | |
| Build / train | 95 | |
| Enter build submenu | 66 | |
| Enter hero's abilities submenu | 10 | |
| Give item / drop item | 13 | |
| Right click | 807 | |
| Select / deselect | 439 | |
| Select group hotkey | 262 | |
| Use ability | 200 | |
2162 total
» units
| Peasant | 12 | |
| Footman | 4 | |
| Goblin Shredder | 1 | |
| Gryphon Rider | 12 | |
| Goblin Sapper | 7 | |
36 total
» upgrades
| Masonry | 3 | |
| Swords | 3 | |
| Armor | 3 | |
| Animal War Training | 1 | |
| Storm Hammers | 1 | |
| Cloud | 1 | |
12 total
» buildings
| Altar of Kings | 1 | |
| Barracks | 1 | |
| Farm | 13 | |
| Scout Tower | 47 | |
| Arcane Tower | 1 | |
| Arcane Vault | 3 | |
| Keep | 1 | |
| Town Hall | 4 | |
| Lumber Mill | 1 | |
| Guard Tower | 15 | |
| Castle | 1 | |
| Gryphon Aviary | 4 | |
| Blacksmith | 2 | |
94 total
» build order
00:38 Altar of Kings
00:42 Barracks
00:49 Farm
00:51 Farm
01:04 Farm
01:59 Farm
02:19 Scout Tower
03:06 Arcane Tower
03:12 Arcane Vault
04:39 Keep
04:43 Town Hall
04:48 Lumber Mill
05:48 Scout Tower
05:50 Scout Tower
05:51 Scout Tower
05:54 Scout Tower
07:01 Guard Tower
07:46 Castle
08:35 Gryphon Aviary
08:35 Gryphon Aviary
08:35 Gryphon Aviary
08:38 Gryphon Aviary
08:54 Blacksmith
08:56 Blacksmith
09:29 Scout Tower
09:30 Scout Tower
09:38 Scout Tower
09:38 Scout Tower
09:40 Scout Tower
09:43 Scout Tower
09:44 Scout Tower
10:03 Guard Tower
10:23 Guard Tower
10:25 Guard Tower
10:27 Guard Tower
11:13 Guard Tower
12:34 Scout Tower
12:36 Scout Tower
12:38 Arcane Vault
12:40 Scout Tower
12:42 Scout Tower
13:02 Farm
13:05 Farm
19:22 Guard Tower
23:06 Town Hall
23:12 Scout Tower
23:13 Scout Tower
23:13 Scout Tower
23:14 Scout Tower
23:15 Scout Tower
23:15 Scout Tower
23:16 Scout Tower
23:17 Scout Tower
23:18 Scout Tower
23:18 Scout Tower
23:19 Scout Tower
23:25 Arcane Vault
24:31 Farm
24:32 Farm
24:34 Farm
24:34 Farm
24:35 Farm
24:35 Farm
25:01 Guard Tower
26:54 Scout Tower
26:55 Scout Tower
26:55 Scout Tower
26:56 Scout Tower
26:57 Scout Tower
26:57 Scout Tower
26:58 Scout Tower
27:47 Guard Tower
28:06 Scout Tower
28:08 Scout Tower
28:08 Scout Tower
28:09 Scout Tower
28:32 Town Hall
28:36 Scout Tower
28:37 Scout Tower
28:37 Scout Tower
28:38 Scout Tower
28:40 Scout Tower
28:41 Scout Tower
28:45 Guard Tower
28:51 Guard Tower
29:22 Guard Tower
29:31 Guard Tower
29:57 Guard Tower
30:46 Guard Tower
32:00 Town Hall
» items
| Scroll of Regeneration | 4 | |
| Mechanical Critter | 4 | |
| Scroll of Town Portal | 6 | |
| Potion of Healing | 1 | |
| Periapt of Vitality | 1 | |
| Potion of Lesser Invulnerability | 1 | |
| Staff of Sanctuary | 1 | |
| Staff of Teleportation | 1 | |
19 total
INFECTUS (
teal | 41 APM | 1957 actions | 47:50)
5 Archmage
1 Summon Water Elemental
3 Brilliance Aura
1 Blizzard
4 Paladin
1 Holy Light
1 Divine Shield
2 Devotion Aura
» actions
| Basic commands | 180 | |
| Build / train | 118 | |
| ESC pressed | 2 | |
| Enter build submenu | 29 | |
| Enter hero's abilities submenu | 9 | |
| Give item / drop item | 6 | |
| Right click | 855 | |
| Select / deselect | 631 | |
| Use ability | 121 | |
1957 total
» units
| Peasant | 35 | |
| Footman | 4 | |
| Rifleman | 9 | |
| Priest | 5 | |
| Knight | 6 | |
| Mortar Team | 3 | |
| Siege Engine | 8 | |
70 total
» upgrades
| Masonry | 3 | |
| Lumber Harvesting | 2 | |
| Priest Training | 2 | |
| Animal War Training | 1 | |
| Flare | 1 | |
| Fragmentation Shards | 1 | |
| Barrage | 1 | |
| Magic Sentry | 1 | |
12 total
» buildings
| Altar of Kings | 1 | |
| Farm | 14 | |
| Barracks | 1 | |
| Lumber Mill | 1 | |
| Arcane Vault | 2 | |
| Town Hall | 1 | |
| Keep | 1 | |
| Blacksmith | 1 | |
| Castle | 1 | |
| Arcane Sanctum | 1 | |
| Workshop | 1 | |
| Scout Tower | 1 | |
| Arcane Tower | 1 | |
27 total
» build order
00:18 Altar of Kings
00:21 Farm
00:25 Barracks
01:01 Farm
01:50 Lumber Mill
02:49 Farm
03:26 Arcane Vault
03:36 Town Hall
04:10 Keep
04:48 Farm
04:51 Blacksmith
05:42 Farm
06:18 Farm
06:54 Castle
09:01 Arcane Sanctum
09:33 Workshop
10:25 Farm
10:50 Farm
11:14 Farm
12:45 Farm
12:49 Farm
15:00 Farm
16:49 Arcane Vault
19:59 Farm
25:42 Scout Tower
26:23 Arcane Tower
31:33 Farm
» items
| Scroll of Town Portal | 6 | |
| Scroll of Protection | 3 | |
| Scroll of Healing | 2 | |
| Staff of Teleportation | 1 | |
| Dust of Appearance | 4 | |
| Scroll of Speed | 1 | |
| Potion of Healing | 1 | |
| Potion of Lesser Invulnerability | 3 | |
| Staff of Sanctuary | 1 | |
22 total
Chat log
(00:11 / Allies) INFECTUS: RUSH
(00:12 / Allies) OrbsOfVenom: ok
(00:23 / Allies) WhiteChocolate: I don't want to rush today
(00:34 / Allies) OrbsOfVenom: then don't play 4v4 moron
(00:35 / Allies) INFECTUS: OK
(00:48 / Allies) INFECTUS: WAT HEVER
(00:58 / Allies) WhiteChocolate: is rush the only 4v4 strat?
(01:03 / Allies) OrbsOfVenom: no, but its a TEAM game
(01:06 / Allies) LordAmuro: grunt caster tauren
(01:07 / Allies) OrbsOfVenom: 2 said rush, you said no
(01:14 / Allies) LordAmuro: 1 said CC
(01:15 / Allies) INFECTUS: IS OK
(01:16 / Allies) LordAmuro: CC
(02:02 / Allies) INFECTUS: RED
(02:03 / Allies) OrbsOfVenom: expect bats raiders later to destroy our bases
(02:10 / Allies) INFECTUS: HELP
(02:13 / Allies) LordAmuro: then build towers then
(02:15 / Allies) LordAmuro: nooobie
(02:28 / Allies) LordAmuro: i creep 1st
(02:30 / Allies) LordAmuro: wait awhile
(02:32 / Allies) OrbsOfVenom: yeah i love wasting resources on towers. especially as nightelf
(02:50 / Allies) LordAmuro: stop whining
(03:03 / Allies) OrbsOfVenom: not whining, just saying. you're morons. but nothing new
(03:10 / Allies) LordAmuro: childish
(03:38 / Allies) LordAmuro: come
(03:39 / Allies) LordAmuro: human
(03:55 / Allies) WhiteChocolate: orange taking that expo and can't even creep it lol
(04:12 / Allies) OrbsOfVenom: looks to me like its done
(04:20 / Allies) LordAmuro: still whining?
(04:27 / Allies) OrbsOfVenom: nope expanding
(04:30 / Allies) WhiteChocolate: you're the only one whinign red
(05:33 / Allies) INFECTUS: TOWE
(05:37 / Allies) LordAmuro: k
(05:59 / Allies) INFECTUS: BACK
(06:19 / Allies) LordAmuro: go
(06:27 / Allies) INFECTUS: MOVE
(06:38 / Allies) INFECTUS: TP
(06:56 / All) LordAmuro: cant touch me
(07:03 / All) Secreteam: lol
(07:05 / Allies) INFECTUS: CANCEL
(07:31 / All) Secreteam: I touched you
(07:33 / All) Secreteam: inappropriately
(07:41 / All) LordAmuro: Cry more
(07:48 / All) Secreteam: why would I be crying I am raping you lol
(07:49 / Allies) INFECTUS: WOOFD
(07:50 / Allies) LordAmuro: help
(07:50 / All) OrbsOfVenom: only one crying is red
(07:57 / All) LordAmuro: Cry more
(08:06 / All) OrbsOfVenom: but he's a noob. cant expect much from him
(08:18 / Allies) LordAmuro: help
(08:19 / Allies) LordAmuro: TP NOW
(08:21 / Allies) LordAmuro: tp now noob night elf
(08:22 / Allies) LordAmuro: come
(09:28 / Allies) INFECTUS: TGET TP
(09:36 / All) LordAmuro: cr more
(09:43 / Allies) LordAmuro: creep the shop
(09:44 / Allies) INFECTUS: BACK
(09:45 / All) Secreteam: you're the one crying
(09:48 / All) Secreteam: oh
(09:50 / All) Secreteam: its this guy
(09:56 / All) Secreteam: from the screenshots
(09:59 / All) Secreteam: the cry more bitch lol
(10:02 / All) Secreteam: all he says
(10:03 / Allies) LordAmuro: scared?
(10:12 / All) LordAmuro: mad?
(10:23 / All) LordAmuro: mad?
(10:26 / All) OrbsOfVenom: i apologize for red
(10:28 / All) Secreteam: why would I be
(10:33 / All) LordAmuro: level 3 bm?
(10:39 / All) Secreteam: 4
(10:42 / All) recognize: oj apologize to me
(10:46 / All) recognize: you killed my loayl rifles
(10:47 / All) recognize: inappropriate
(10:57 / All) LordAmuro: lol
(10:59 / All) LordAmuro: excuses?
(11:01 / All) LordAmuro: Talk more?
(11:08 / Allies) OrbsOfVenom: wood
(11:15 / Allies) OrbsOfVenom: for chims
(11:17 / All) LordAmuro: cry more?
(11:38 / All) LordAmuro: bm dead
(11:56 / Allies) WhiteChocolate: pick the most towered base retards
(11:58 / Allies) OrbsOfVenom: b
(12:22 / Allies) INFECTUS: GET
(12:25 / Allies) OrbsOfVenom: wood
(12:27 / Allies) INFECTUS: TO
(12:36 / Allies) OrbsOfVenom: ty
(13:19 / All) WhiteChocolate: nice tp lol
(13:33 / All) Secreteam: nice mh
(13:34 / All) Secreteam: red
(13:41 / All) recognize: fight me you bitch
(13:46 / All) LordAmuro: i love whou
(14:11 / All) LordAmuro: i love the way u scared of me
(14:41 / Allies) OrbsOfVenom: lets go purp
(15:13 / Allies) LordAmuro: attack hu
(15:15 / All) WhiteChocolate: I got a hero focusing ally
(15:17 / All) WhiteChocolate: WOOOOO
(15:44 / All) LordAmuro: Alchemist dead
(15:53 / All) Secreteam: go away faggots
(16:02 / Allies) INFECTUS: TRED
(16:06 / Allies) INFECTUS: BQACK
(17:19 / Allies) INFECTUS: RED BACK
(18:16 / Allies) LordAmuro: human
(18:20 / Allies) LordAmuro: ur units are all over the place
(18:29 / All) LordAmuro: my base
(18:31 / All) LordAmuro: ur units
(18:32 / All) LordAmuro: Fag
(18:56 / Allies) OrbsOfVenom: need to kill green
(18:57 / Allies) OrbsOfVenom: now
(19:02 / Allies) OrbsOfVenom: before too many tanks
(19:06 / All) LordAmuro: bm scared?
(19:09 / All) LordAmuro: ure so kiddish
(19:12 / All) LordAmuro: bm / wywern
(19:14 / All) The_New_Prodigy: ayy yo red stfu and play kid
(19:21 / All) The_New_Prodigy: before i come and beat ur ass
(21:05 / Allies) OrbsOfVenom: out red
(21:21 / All) recognize: gg
(21:23 / All) recognize: i tired to carrry
(21:26 / All) recognize: couldn't work
(21:28 / All) LordAmuro: pawned
(21:29 / All) LordAmuro: noob orc
(21:46 / All) LordAmuro: noobest orc ever
(21:49 / All) LordAmuro: bm . / wywerns
(21:55 / All) Secreteam: Still raping you
(21:59 / All) LordAmuro: rofl
(22:02 / All) LordAmuro: solo bm
(22:05 / All) LordAmuro: im still owning u
(22:09 / All) LordAmuro: hard
(22:10 / All) LordAmuro: lol
(22:28 / All) LordAmuro: tower noob
(23:08 / Allies) LordAmuro: kill him
(23:12 / Allies) LordAmuro: orc too noob he mass tower
(24:10 / All) LordAmuro: have fun solo bm noobie
(25:40 / All) LordAmuro: Watch how bm die
(25:56 / All) LordAmuro: lol
(25:59 / All) Secreteam: watching but it isn't dying
(26:23 / Allies) LordAmuro: gold me
(27:19 / Allies) LordAmuro: gOLD ME
(27:20 / Allies) LordAmuro: pls
(27:31 / Allies) INFECTUS: WTF
(27:37 / All) Secreteam: 6 peons on your mine teal
(27:42 / All) Secreteam: I'll fix that for you
(28:10 / Allies) LordAmuro: gold me
(28:10 / Allies) LordAmuro: pls
(28:15 / Allies) LordAmuro: tanks
(28:33 / Allies) INFECTUS: PINK
(29:21 / Allies) LordAmuro: u took my mine>
(29:24 / Allies) LordAmuro: WOW
(29:32 / Allies) WhiteChocolate: yes
(29:43 / Allies) LordAmuro: 6 k gold
(29:45 / Allies) LordAmuro: faggot
(30:31 / All) OrbsOfVenom: dont leave
(30:34 / All) OrbsOfVenom: Purple is backstabbing
(30:38 / All) OrbsOfVenom: I will try killing him
(30:38 / All) Secreteam: I know
(30:43 / Allies) LordAmuro: gold me pls
(30:44 / All) Secreteam: you'll try
(30:47 / All) The_New_Prodigy: damn
(31:01 / All) OrbsOfVenom: sending wisps to blue to kill
(31:03 / All) OrbsOfVenom: free exp
(31:24 / All) WhiteChocolate: I guess you could say orange is battered and broken
(31:25 / All) OrbsOfVenom: gg afk
(31:28 / All) WhiteChocolate: he's given up the fight
(32:48 / All) WhiteChocolate: LOL
(32:54 / All) WhiteChocolate: if tael didn't tp there
(32:56 / All) WhiteChocolate: I wouldn't have noticed
(32:57 / All) The_New_Prodigy: ?
(33:04 / Allies) INFECTUS: LOL
(33:09 / Allies) LordAmuro: human
(33:10 / Allies) LordAmuro: help
(33:55 / All) OrbsOfVenom: just checking back for a sec with afk. purple, must suck to not have a life and just waste time like you?
(34:07 / All) Secreteam: mad?
(34:08 / All) Secreteam: cry more
(34:09 / Allies) LordAmuro: dont TK
(34:13 / Allies) LordAmuro: chiclate
(34:14 / Allies) LordAmuro: why?
(34:19 / All) Secreteam: brb gotta piss
(34:32 / Allies) LordAmuro: why tk?
(34:33 / All) WhiteChocolate: orange really went afk
(34:40 / Allies) WhiteChocolate: You called me names
(34:42 / Allies) WhiteChocolate: and belittled me
(34:46 / Allies) LordAmuro: i didnt
(34:50 / Allies) WhiteChocolate: I didn't appreciate it
(34:51 / Allies) LordAmuro: oh..
(34:55 / Allies) LordAmuro: so u mad?
(35:02 / Allies) WhiteChocolate: Yeah, and now I get my revenge
(35:18 / Allies) INFECTUS: KILL
(35:34 / Allies) WhiteChocolate: NAUGHTY NAUGHTY
(35:43 / Allies) LordAmuro: doenst matter to me
(35:50 / Allies) WhiteChocolate: TRYING TO STEAL MY LANDS IS THAT IT
(36:17 / Allies) LordAmuro: i mean if u wanna continue to be childish
(36:18 / Allies) LordAmuro: so be it
(36:26 / All) OrbsOfVenom: wow this game is still going on? sorry that your life sucks to much purple, i will pray for you
(37:11 / All) The_New_Prodigy: leave
(37:12 / All) Secreteam: bad time to go piss
(37:15 / All) Secreteam: almost lost all my raiders
(37:18 / All) Secreteam: Green you know how this will end lol
(37:21 / All) Secreteam: you just played us
(37:26 / All) Secreteam: bad for you if they leave
(37:37 / Allies) INFECTUS: TNO
(39:39 / All) WhiteChocolate: I think orange is still controlling red towers
(39:40 / All) WhiteChocolate: and not teal
(39:54 / All) WhiteChocolate: nvm
(43:21 / Allies) INFECTUS: NIE ASSNO
(46:15 / Allies) INFECTUS: LOL
(46:21 / Allies) INFECTUS: ASS HOLE
(47:20 / All) Secreteam: raider damage really bad vs gryphons with ensare lol
(47:28 / All) Secreteam: I'm 0/0
(47:30 / All) Secreteam: your side done?
(47:33 / All) Secreteam: Good luck everyone
(47:41 / Allies) INFECTUS: BAY
(47:46 / All) Secreteam: LET IT BEGIN!
(47:47 / All) WhiteChocolate: Have fun, gents
(47:49 / All) Secreteam: MAKE US PROUD
(47:50 / All) WhiteChocolate: Stay safe